 Dungeon Crawl Stone Soup version 0.31.0-1-g2c135a008e (webtiles) character file.

Game seed: 2945606612823792592

103 qw the Shooter (level 5, -3/40 HPs)
             Began as a Djinni Hunter on Jan 23, 2024.
             Killed by nerve-wracking pain
             ... invoked by a shadow imp
              (11 damage)
             ... on level 3 of the Dungeon.
             The game lasted 00:00:05 (2014 turns).

qw the Shooter (Djinni Hunter)                      Turns: 2014, Time: 00:00:06

Health: -3/40      AC:  4    Str: 10    XL:     5   Next: 6%
Gold:   74         EV: 12    Int: 11    God:
                   SH:  0    Dex: 18

rFire   + + .        g - +0 arbalest
rCold   x . .        (shield currently unavailable)
rNeg    . . .        c - +1 leather armour
rPois   inf          (no helmet)
rElec   .            (no cloak)
rCorr   .            (no gloves)
SInv    .            (boots unavailable)
Will    .....        (no amulet)
Stlth   ++           (no ring)
HPRegen 0.26/turn    (no ring)
MPRegen 0.00/turn

%: infuse magic (-4 HP)
@: flying
A: sickness immunity, fire resistance 2, cold vulnerability 1, float, innate
caster, HP casting, extra vitality 1
a: no special abilities


You were on level 3 of the Dungeon.
You visited 1 branch of the dungeon, and saw 3 of its levels.

You collected 101 gold pieces.
You spent 27 gold pieces at shops.


Innate Abilities, Weirdness & Mutations

You are immune to sickness and miasma.
You are immune to poison.
Your flesh is very heat resistant. (rF++)
You are vulnerable to cold. (rC-)
You float through the air rather than walking.
You learn spells naturally, not from books.
Your magical power is your life essence.
You have superior vitality. (+4 MHP)


   Skills:
 - Level 3.1 Fighting
 + Level 4.1 Ranged Weapons
 - Level 3.0 Dodging
 - Level 0.7 Stealth


You knew the following spells:

 Your Spells              Type           Power      Damage    Failure   Level
a - Summon Small Mammal   Summ           0%         N/A       43%         1
b - Ensorcelled Hibernat  Hex/Ice        0%         N/A       58%         2
Your spell library was empty.

Inventory:

Hand Weapons
 g - a +0 arbalest (weapon)
Armour
 c - a +1 leather armour (worn)
Potions
 d - a potion of heal wounds {unknown}
 e - a potion of magic {unknown}
 f - 2 potions of might
 h - a potion of enlightenment {unknown}
 k - a potion of curing {unknown}

Dungeon Overview and Level Annotations

Branches:
Dungeon (3/15)

Altars:
Dithmenos

Shops:
D:1 *

Annotations:
D:3 Ijyb


Message History

An endoplasm is nearby!
Waypoint 2 assigned to D:3.
You shoot a bolt. The bolt hits the endoplasm!!
You kill the endoplasm!
You feel a little less mighty now.
Found a shadowy altar of Dithmenos.
Found a stone staircase leading down.
Jessica and a rat come into view.
The rat squeaks loudly.
You shoot a bolt. The bolt barely misses the rat.
Jessica shouts!
You shoot a bolt. The bolt hits the rat.
The rat is moderately wounded.
Jessica gestures at you while chanting. Pain shoots through your body!
Jessica casts a spell.
Jessica seems to speed up.
You shoot a bolt. The bolt closely misses the rat.
You shoot a bolt. The bolt hits the rat!
You kill the rat!
Jessica gestures at you while chanting. Pain shoots through your body!
Ijyb the Twisted Goblin comes into view.
She is wielding a +0 club and carrying a wand of iceblast.
A shadow imp comes into view.
You shoot a bolt. The bolt closely misses Jessica.
Ijyb shouts!
The bolt hits the shadow imp but does no damage.
Jessica misses you.
Ijyb zaps a wand.
The mass of ice explodes!
The iceblast engulfs Jessica!
Jessica dies!
The iceblast engulfs you!!
You feel a painful chill!
Ouch! That really hurt!
The shadow imp disappears for a moment.
You hear a shout!
You shoot a bolt. The bolt hits Ijyb.
Ijyb is moderately wounded.
You shoot a bolt. The bolt hits Ijyb.
Ijyb is heavily wounded.
The shadow imp gestures at you. Pain shoots through your body!
You die...

#.#####....#.##
##.##..# #.##.##
#.##.# #.##.# ##
#.#####...
#.#.......
#.#....5....
#>..@)g.....
...............
..###...#.###.#.
##..... !
.......
.....#..#
.##...##.. #.
..# #.#


You could see Ijyb and a shadow imp.

Vanquished Creatures
  4 gnolls (D:2)
  2 adders (D:2)
  A dart slug (D:1)
  An orc (D:2)
  5 ball pythons
  8 endoplasms
  3 goblins
  4 hobgoblins
  3 quokkas (D:2)
  3 bats
  2 frilled lizards
  3 kobolds (D:2)
  3 rats
42 creatures vanquished.

Vanquished Creatures (others)
  Jessica (D:3)
1 creature vanquished.

Grand Total: 43 creatures vanquished

Notes
Turn   | Place    | Note
-------+----------+-------------------------------------------
     0 | D:1      | qw the Djinni Hunter began the quest for the Orb.
     0 | D:1      | Reached XP level 1. HP: 18/18 MP: 0/0
     0 | D:1      | 0 ||| qw: Version: 0.3-a-134-g2ba4250
     0 | D:1      | 0 ||| qw: Game counter: 774
     0 | D:1      | 0 ||| qw: Melee chars always use a shield: true
     0 | D:1      | 0 ||| qw: God list: Okawaru
     0 | D:1      | 0 ||| qw: Allow faded altars: false
     0 | D:1      | 0 ||| qw: Do Orc after clearing Dungeon:15 true
     0 | D:1      | 0 ||| qw: Do second Lair branch before Depths: true
     0 | D:1      | 0 ||| qw: Lair rune preference: random
     0 | D:1      | 0 ||| qw: Goals: Normal
     0 | D:1      | 0 ||| PLANNING D:1-11
   140 | D:1      | 140 ||| SWAPPING to +0 arbalest.
   141 | D:1      | 141 ||| DROPPING +0 shortbow.
   286 | D:1      | Reached XP level 2. HP: 23/23 MP: 0/0
   319 | D:1      | Found Ixotzei's Assorted Antiques.
   323 | D:1      | 323 ||| SHOPLISTING bone ring (155 gold, have 45).
   323 | D:1      | 323 ||| SHOPLISTING lumpy peridot amulet (155 gold, have
                  | 45).
   323 | D:1      | 323 ||| BUYING orange potion (27 gold).
   323 | D:1      | Bought an orange potion for 27 gold pieces
   323 | D:1      | 323 ||| SHOPLISTING scroll labelled ZYNERGH LANE (31 gold,
                  | have 18).
   865 | D:1      | 865 ||| READING scroll labelled KOB ABBEMPYI.
   966 | D:1      | 966 ||| DROPPING scroll of butterflies.
  1038 | D:2      | Reached skill level 4 in Ranged Weapons
  1038 | D:2      | Reached XP level 3. HP: 28/28 MP: 0/0
  1038 | D:2      | Learned a level 1 spell: Summon Small Mammal
  1447 | D:2      | Reached skill level 3 in Fighting
  1447 | D:2      | Reached XP level 4. HP: 35/35 MP: 0/0
  1459 | D:2      | HP: 5/35 [gnoll/+0 halberd (13)]
  1461 | D:2      | Reached skill level 3 in Dodging
  1609 | D:2      | 1609 ||| READING 2 scrolls labelled WUEC SEGOPT.
  1609 | D:2      | 1609 ||| IDENTIFYING sedimented puce potion
  1610 | D:2      | 1610 ||| READING scroll of identify.
  1610 | D:2      | 1610 ||| IDENTIFYING grey potion
  1611 | D:2      | 1611 ||| READING scroll labelled SENASIOLORPH.
  1611 | D:2      | 1611 ||| ENCHANTING +0 leather armour.
  1612 | D:2      | 1612 ||| READING scroll labelled BADI TUSCHO.
  1613 | D:2      | 1613 ||| READING scroll labelled JIOKUANEKO.
  1614 | D:2      | 1614 ||| FLEEEEING.
  1714 | D:2      | Reached XP level 5. HP: 39/40 MP: 0/0
  1714 | D:2      | Learned a level 2 spell: Ensorcelled Hibernation
  1865 | D:2      | 1865 ||| READING scroll labelled HITEIXK KIBI.
  1937 | D:2      | 1937 ||| DRINKING 3 purple potions.
  1938 | D:2      | 1938 ||| DROPPING potion of attraction.
  1939 | D:2      | 1939 ||| DROPPING potion of degeneration.
  1995 | D:3      | Found a shadowy altar of Dithmenos.
  2007 | D:3      | Noticed Jessica
  2011 | D:3      | Noticed Ijyb
  2012 | D:3      | Killed Jessica
  2012 | D:3      | HP: 7/40 [Ijyb/iceblast (20)]
  2014 | D:3      | Killed from afar by a shadow imp

Levels and vault maps discovered:
D:1:      wander_arrival_abandoned_jail, layout_basic, serial_shops,
          nicolae_shop_back_alley_shop, minmay_misc_feat_ornament
D:2:      kb_forest_paths, layout_rooms, chequers_serial_rivers_micro_e,
          minmay_pentomino_v2
D:3:      layout_rooms, grunt_dithmenos_smoke_and_mirrors, ashenzari_altar_1,
          hangedman_decor_lopped, uniq_jessica, uniq_ijyb

Skill      XL: |  1  2  3  4 |
---------------+-------------+-----
Ranged Weapons | 4 |  4.1
Fighting       | 3 |  3.1
Dodging        | 3 |  3.0
Stealth        | |  0.7

Action                     |  1- 3 |  4- 6 || total
---------------------------+-------+-------++-------
   Fire: Shortbow          |     8 |       ||     8
         Arbalest          |    54 |    46 ||   100
    Use: Scroll            |     1 |     6 ||     7
         Potion            |       |     1 ||     1
 Armour: Leather armour    |    22 |    17 ||    39
  Dodge: Dodged            |    31 |    32 ||    63

Table legend:
 A = Non-vault XP
 B = Vault XP
 C = Vault XP percentage of total XP
 D = Non-vault monster count
 E = Vault monster count
 F = Vault count percentage of total count
                 A         B        C        D         E       F
            +---------+---------+-------+---------+---------+-------
      Total |     125 |      23 |  15.5 |      34 |       8 |  19.0
            +---------+---------+-------+---------+---------+-------
        D:1 |      26 |       0 |   0.0 |      13 |       0 |   0.0
        D:2 |      96 |      23 |  19.3 |      19 |       8 |  29.6
        D:3 |       3 |       0 |   0.0 |       2 |       0 |   0.0
            +---------+---------+-------+---------+---------+-------
